 Dungeon Crawl Stone Soup version 0.22-a0-422-g9628fc87f1 (webtiles) character file.

39 Kriby the Covered (level 3, -3/28 HPs)
             Began as a Gnoll Wanderer on May 20, 2018.
             Slain by a goblin
             ... wielding a +1 dagger of draining
             ... led by Robin
              (4 damage)
             ... on level 2 of the Dungeon.
             The game lasted 00:01:30 (1707 turns).

Kriby the Covered (Gnoll Wanderer)                  Turns: 1707, Time: 00:01:30

Health: -3/28      AC:  3    Str: 15    XL:     3   Next: 45%
Magic:  4/4        EV: 11    Int: 15    God:
Gold:   59         SH:  3    Dex: 13    Spells: 3/3 levels left

rFire    . . .     SeeInvis .   a - +2 dagger
rCold    . . .     Gourm    .   i - +0 buckler
rNeg     . . .     Faith    .   e - +0 robe
rPois    .         Spirit   .   (no helmet)
rElec    .         Reflect  .   (no cloak)
rCorr    .         Harm     .   m - +0 pair of gloves
MR       .....                  (no boots)
Stlth    ++........             n - amulet of the acrobat
HPRegen  0.09/turn              l - ring of wizardry
MPRegen  0.09/turn              (no ring)

@: drained
A: distributed training, fangs 1, strong nose
a: no special abilities


You were on level 2 of the Dungeon.
You were hungry.

You visited 1 branch of the dungeon, and saw 2 of its levels.

You collected 59 gold pieces.

Inventory:

Hand Weapons
 a - a +2 dagger (weapon)
 c - a +0 short sword
 d - a +0 mace
Armour
 e - a +0 robe (worn)
 i - a +0 buckler (worn)
 m - a +0 pair of gloves (worn)
Jewellery
 l - a ring of wizardry (left hand)
 n - an amulet of the acrobat (around neck)
Scrolls
 h - a scroll of teleportation {unknown}
 j - 2 scrolls of identify {@r1}
 o - a scroll of remove curse {unknown}
Potions
 b - 2 potions of heal wounds {@q2}
 g - 3 potions of curing {unknown}
 k - 2 potions of brilliance {unknown}
Comestibles
 f - 6 rations {@e1}


   Skills:
 + Level 2.6(2.3) Fighting
 + Level 4.5(4.3) Short Blades
 + Level 0.7(0.5) Long Blades
 + Level 0.7(0.5) Axes
 + Level 2.6(2.3) Maces & Flails
 + Level 0.7(0.5) Polearms
 + Level 0.7(0.5) Staves
 + Level 0.7(0.5) Slings
 + Level 0.7(0.5) Bows
 + Level 0.7(0.5) Crossbows
 + Level 4.5(4.3) Throwing
 + Level 4.5(4.3) Armour
 + Level 0.7(0.5) Dodging
 + Level 4.1(3.9) Stealth
 + Level 0.7(0.5) Shields
 + Level 0.7(0.5) Unarmed Combat
 + Level 0.7(0.5) Spellcasting
 + Level 0.5(0.3) Conjurations
 + Level 0.5(0.3) Hexes
 + Level 0.5(0.3) Charms
 + Level 0.5(0.3) Summonings
 + Level 0.5(0.3) Necromancy
 + Level 0.5(0.3) Translocations
 + Level 0.5(0.3) Transmutations
 + Level 0.5(0.3) Fire Magic
 + Level 0.5(0.3) Ice Magic
 + Level 0.5(0.3) Air Magic
 + Level 0.5(0.3) Earth Magic
 + Level 0.5(0.3) Poison Magic
 + Level 0.9(0.7) Invocations
 + Level 0.7(0.5) Evocations


You had 3 spell levels left.
You didn't know any spells.
Your spell library was empty.

Dungeon Overview and Level Annotations

Branches:
Dungeon (2/15)

Altars:

Annotations:
D:2 Robin


Innate Abilities, Weirdness & Mutations

Your experience applies equally to all skills.
You have very sharp teeth.
Your uncanny sense of smell can sniff out nearby items.


Message History

The goblin barely misses you. You block the goblin's attack.
You closely miss the goblin. Your bite misses the goblin.
The goblin unwields an uncursed dagger.
The goblin wields a hunting sling.
The goblin shoots a stone.
You block the stone. The goblin closely misses you.
You hit the goblin.
The goblin is heavily wounded.
The goblin hits you with a club. The goblin hits you but does no damage.
You hit the goblin.
You kill the goblin!
Robin throws the goblin at you! The goblin hits you.
The goblin barely misses you. x2; The goblin completely misses you.
The goblin hits you with a club!
* * * LOW HITPOINT WARNING * * *
The goblin barely misses you.
You hit the goblin.
You kill the goblin!
The goblin hits you but does no damage. The goblin barely misses you.
The goblin completely misses you.
The goblin hits you with a dagger of draining.
You die...

.. ............. .....
...........# #####
...###..........# ##...#
...............######....#
###.......# #.............#
..........# #.............#
.....##...####..g..........#
...............ggg........##
..............gg@gg.......#
...............#)###.....##
...............#.# #.....####
...............#.###........#
...#...........#.#..........#
...#)..........#.#..........#
...............+.+........###
..........#....#.#......#.#
..........#.####
#......#.#####


You could see Robin and 7 goblins.

Vanquished Creatures
  An ooze (D:1)
  2 dart slugs (D:1)
  A giant cockroach (D:2)
  8 goblins
  2 hobgoblins (D:1)
  2 jackals (D:1)
  3 kobolds (D:1)
  3 bats (D:1)
  2 frilled lizards
  6 rats
30 creatures vanquished.

Notes
Turn   | Place    | Note
-------+----------+-------------------------------------------
     0 | D:1      | Kriby the Gnoll Wanderer began the quest for the Orb.
     0 | D:1      | Kriby set off with: a +2 dagger, a potion of heal wounds {@q2}, a +0 short sword, a +0 mace, a +0 robe, a ration {@e1}
     0 | D:1      | Reached XP level 1. HP: 17/17 MP: 1/1
   328 | D:1      | Reached XP level 2. HP: 23/23 MP: 2/2
   724 | D:1      | Reached XP level 3. HP: 20/28 MP: 3/3
  1694 | D:2      | Noticed Robin
  1706 | D:2      | HP: 1/28 [goblin/club[Robin] (8)]
  1707 | D:2      | Slain by a goblin

Vault maps used:
D:1:      minmay_arrival_three_doors, serial_bayou_lake_a
D:2:      minmay_door_square, kennysheep_generic_room_6, uniq_robin

Action                   || total
-------------------------++-------
Melee: Dagger            ||    99
       Bite              ||     8
  Use: Scroll            ||     1
 Stab: Sleeping          ||     4
  Eat: Chunk             ||     2
Armor: Robe              ||    23
Dodge: Dodged            ||    72
Block: Buckler           ||     6

Table legend:
 A = Spawn XP
 B = Non-spawn XP
 C = Spawn XP percentage of total XP
 D = Spawn monster count
 E = Non-spawn monster count
 F = Spawn count percentage of total count
 G = Total turns spent on level
                    A         B        C        D         E        F      G
               +---------+---------+-------+---------+---------+-------+---------
         Total |       0 |      56 |   0.0 |       0 |      30 |   0.0 |  1707
               +---------+---------+-------+---------+---------+-------+---------
           D:1 |       0 |      45 |   0.0 |       0 |      22 |   0.0 |  1221
           D:2 |       0 |      11 |   0.0 |       0 |       8 |   0.0 |   486
               +---------+---------+-------+---------+---------+-------+---------
